 Dungeon Crawl Stone Soup version 0.27-a0-1332-g84bddb5ca7 (webtiles) character file.

Game seed: 14248993287416046040

15 Brandom the Sneak (level 2, -5/25 HPs)
             Began as a Demigod Delver on June 26, 2021.
             Slain by a river rat (8 damage)
             ... in a sewer.
             The game lasted 00:02:30 (406 turns).

Brandom the Sneak (Demigod Delver)                   Turns: 406, Time: 00:02:31

Health: -5/25      AC:  3    Str: 13    XL:     2   Next: 21%
Magic:  4/4        EV: 12    Int: 12    God:
Gold:   15         SH:  0    Dex: 15    Spells: 1/1 levels left

rFire    . . .     SeeInvis .   a - +0 falchion
rCold    . . .     Faith    .   (no shield)
rNeg     . . .     Spirit   .   b - +0 leather armour
rPois    .         Reflect  .   (no helmet)
rElec    .         Harm     .   (no cloak)
rCorr    .         Rampage  .   (no gloves)
Will     .....                  (no boots)
Stlth    +++.......             (no amulet)
HPRegen  0.08/turn              (no ring)
MPRegen  0.09/turn              (no ring)

@: mighty
A: high mp 1, forlorn
a: no special abilities


You were in a sewer.
You visited 1 branch of the dungeon, and saw 3 of its levels.
You also visited: Sewer.

You collected 15 gold pieces.

Inventory:

Hand Weapons
 a - a +0 falchion (weapon)
Missiles
 h - 7 boomerangs (quivered)
Armour
 b - a +0 leather armour (worn)
Wands
 v - a wand of digging (2)
Scrolls
 c - a scroll of fog
 e - a scroll of fear
 g - a scroll of amnesia {unknown}


   Skills:
 * Level 2.9 Fighting
 * Level 2.1 Long Blades
 + Level 0.4 Armour
 + Level 2.0 Dodging
 - Level 4.5 Stealth


You had one spell level left.
You didn't know any spells.
Your spell library contained the following spells:

 Spells                   Type           Power      Damage    Failure   Level
 Magic Dart               Conj           0%         1d3       38%         1
 Blink                    Tloc           N/A        N/A       54%         2
 Call Imp                 Summ           0%         N/A       54%         2
 Slow                     Hex            0%         N/A       54%         2
 Confusing Touch          Hex            0%         N/A       77%         3
 Conjure Flame            Conj/Fire      0%         6-21      77%         3
 Gell's Gravitas          Tloc           0%         N/A       77%         3
 Mephitic Cloud           Conj/Pois/Air  0%         N/A       77%         3
 Petrify                  Tmut/Erth      0%         N/A       99%         4
 Metabolic Englaciation   Hex/Ice        0%         N/A       100%        5
 Yara's Violent Unravell  Hex/Tmut       0%         3d3       100%        5


Dungeon Overview and Level Annotations

Branches:
Dungeon (5/15)              Sewer (1/1)
 Temple: D:4-7


Innate Abilities, Weirdness & Mutations

Your attributes grow dramatically as you level up.
You have an increased reservoir of magic. (+10% MP)
You shall have no god before yourself.


Message History

The quokka splashes around in the water.
The giant cockroach bites you but does no damage.
The quokka closely misses you. The giant cockroach bites you.
You hit the giant cockroach.
You kill the giant cockroach!
The quokka barely misses you.
You riposte.
You miss the quokka. You hit the quokka but do no damage.
The quokka splashes around in the water.
The quokka completely misses you.
You riposte.
Your leather armour prevents you from hitting the quokka.
You hit the quokka.
You kill the quokka!
No target in view!
No target in view!
A river rat comes into view.
You see here a giant cockroach corpse.
You enter the shallow water.
Moving in this stuff is going to be slow.
There is a glowing drain here.
The world spins around you as you enter the gateway.
You enter a sewer! 2 rats and 3 river rats come into view.
Found a gate leading back out of this place.
There is an empty arch of ancient stone here.
Okay, then.
There is a gate leading back out of this place here.
The helpless river rat fails to defend itself.
You hit the river rat but do no damage.
The river rat bites you but does no damage.
You closely miss the river rat. The rat bites you but does no damage.
The river rat bites you.
You hit the river rat but do no damage. The rat bites you.
The river rat bites you.
* * * LOW HITPOINT WARNING * * *
The rat barely misses you.
You riposte.
You hit the rat.
You kill the rat!
It was a potion of might.
You feel very mighty all of a sudden. The river rat bites you!
* * * LOW HITPOINT WARNING * * *
It was a potion of curing.
You feel better. The river rat barely misses you.
You slash the river rat! The river rat bites you.
* * * LOW HITPOINT WARNING * * *
The rat misses you.
You slash the river rat!
You kill the river rat!
The rat bites you.
* * * LOW HITPOINT WARNING * * *
The river rat bites you!
You die... ############### ≈......∩.rr@r.# ###############

You could see 2 river rats and a rat.

Vanquished Creatures
  An adder (D:3)
  A river rat (Sewer)
  A bat (D:3)
  A giant cockroach (D:3)
  A quokka (D:3)
  A kobold (D:3)
  2 rats
8 creatures vanquished.

Notes
Turn   | Place    | Note
-------+----------+-------------------------------------------
     0 | D:5      | Brandom the Demigod Delver began the quest for the Orb.
     0 | D:5      | Reached XP level 1. HP: 18/18 MP: 3/3
     1 | D:5      | Noticed a wraith
    84 | D:5      | Noticed an ogre
   110 | D:4      | Noticed an ogre
   363 | D:3      | Reached XP level 2. HP: 25/25 MP: 4/4
   377 | D:3      | Found a glowing drain.
   395 | Sewer    | Entered a sewer
   406 | Sewer    | Slain by a river rat

Illustrated notes

Levels and vault maps discovered:
D:3:      layout_rooms, marbit_many_paths, nemelex_altar_shiori,
          gup_sewer_entry_spiral, hellmonk_ecumenical_altar_watching_god
D:4:      layout_rooms, abandoned_shop, ebering_dispersal_statue_hall,
          chequers_serial_rivers_small_3, minmay_goblin_outpost
D:5:      cheibrodos_fzero, layout_gridville, minmay_temple_entry_arrows,
          kennysheep_small_spiral
Sewer:    sewer_kobolds

Skill      XL: |  1  2 |
---------------+-------+-----
Long Blades    | 2 |  2.1
Dodging        | 2 |  2.0
Fighting       | |  2.9
Armour         | |  0.4
Stealth        | |  4.5

Action                   || total
-------------------------++-------
Melee: Falchion          ||    30
Evoke: Wand              ||     1
  Use: Potion            ||     3
       Scroll            ||     1
 Stab: Sleeping          ||     2
Armor: Leather armour    ||     8
Dodge: Dodged            ||    21
       Rpst.: Falchion   ||     6

Table legend: (Time is in decaauts)
 A = Elapsed time spent in this place.
 B = Non-inter-level travel time spent in this place.
 C = Inter-level travel time spent in this place.
 D = Time resting spent in this place.
 E = Time spent auto-exploring this place.
 F = Levels seen in this place.
 G = Mean time per level.
                   A        B        C        D        E       F      G
               +--------+--------+--------+--------+--------+-----+--------+
         Total |    395 |    395 |      0 |    163 |      1 |   4 |   98.8 |
       Dungeon |    383 |    383 |      0 |    163 |      1 |   3 |  127.7 |
         Sewer |     11 |     11 |      0 |      0 |      0 |   1 |   11.0 |
               +--------+--------+--------+--------+--------+-----+--------+

Top non-repeatable levels by time:
     D:3: 236 daAuts
     D:5: 109 daAuts
     D:4: 37 daAuts
   Sewer: 11 daAuts
